 Dungeon Crawl Stone Soup version 0.22-a0-351-g29664b4 (webtiles) character file.

2868 vishdafish the Nimble (level 9, -2/66 HPs)
             Began as an Octopode Berserker on Apr 12, 2018.
             Was an Elder of Trog.
             Slain by a bullfrog (9 damage)
             ... on level 7 of the Dungeon.
             The game lasted 00:07:37 (6393 turns).

vishdafish the Nimble (Octopode Berserker)          Turns: 6393, Time: 00:07:38

Health: -2/66      AC:  1    Str: 16    XL:     9   Next: 76%
Magic:  9/9        EV: 20    Int: 12    God:    Trog [****..]
Gold:   332        SH:  0    Dex: 12    Spells: 8/8 levels left

rFire    . . .     SeeInvis .   h - +0 trident
rCold    . . .     Gourm    .   (no shield)
rNeg     . . .     Faith    .   (helmet restricted)
rPois    .         Spirit   .   (no amulet)
rElec    .         Reflect  .   v - +3 ring of evasion
rCorr    .         Harm     .   (no ring)
MR       .....                  (no ring)
Stlth    +++.......             (no ring)
HPRegen  0.21/turn              (no ring)
MPRegen  0.11/turn              (no ring)
                                (no ring)
                                (no ring)

@: berserk cooldown, slowed, very slow
A: almost no armour, stealthy swim, amphibious, 8 rings, constrict 8, camouflage
1, gelatinous body 1
a: Berserk, Trog's Hand, Brothers in Arms, Renounce Religion


You were on level 7 of the Dungeon.
You worshipped Trog.
Trog was greatly pleased with you.
You were near starving.

You visited 1 branch of the dungeon, and saw 7 of its levels.

You collected 332 gold pieces.

Inventory:

Hand Weapons
 a - a +0 spear
 h - a +0 trident (weapon)
 o - a +0 blowgun
Missiles
 q - 3 tomahawks of dispersal (quivered)
 E - a throwing net
Jewellery
 v - a +3 ring of evasion (left tentacle)
Wands
 p - a wand of acid (6)
 w - a wand of iceblast (12)
 A - a wand of polymorph (14)
 B - a wand of flame (42)
Scrolls
 e - 4 scrolls of remove curse
 f - 6 scrolls of teleportation
 j - a scroll of fear
 l - a scroll of noise
 m - 2 scrolls of enchant armour {unknown}
 n - 3 scrolls of random uselessness {unknown}
 r - 2 scrolls of enchant weapon {unknown}
 t - 2 scrolls of blinking {unknown}
 x - a scroll of immolation {unknown}
 y - a scroll of fog {unknown}
Potions
 c - a potion of curing
 d - 2 potions of magic {unknown}
 g - 2 potions of heal wounds {unknown}
 i - 3 potions of flight
 k - a potion of agility
 s - 3 potions of haste
 u - 4 potions of degeneration {unknown}
 z - 2 potions of mutation {unknown}
 C - a potion of ambrosia {unknown}
 D - a potion of cancellation {unknown}
Comestibles
 b - 14 rations


   Skills:
 + Level 8.2 Fighting
 + Level 8.2 Polearms
 + Level 8.2 Dodging
 - Level 1.0 Stealth


You had 8 spell levels left.
You didn't know any spells.

Dungeon Overview and Level Annotations

Branches:
Dungeon (7/15)             Temple (0/1) D:6

Altars:
Fedhas
Yredelemnul


Innate Abilities, Weirdness & Mutations

You cannot wear most types of armour.
You are very stealthy in the water. (Stealth+)
You are amphibious.
You can wear up to eight rings at the same time.
You can use your tentacles to constrict eight enemies at once.
Your skin changes colour to match your surroundings (Stealth+).
Your rubbery body absorbs attacks. (AC +1, EV +1)


Message History

Something hits you but does no damage. The orc misses you. Something hits you.
* * * LOW HITPOINT WARNING * * *
Things that are here:
a hand axe; an orc corpse You closely miss the bullfrog.
You grab the bullfrog.
You are no longer berserk.
Trog's vigour flows through your veins.
You are exhausted.
You feel yourself slow down.
You constrict the bullfrog. The bullfrog hits you!
* * * LOW HITPOINT WARNING * * *
The orc closely misses you.
You barely miss the bullfrog. You squeeze the bullfrog.
The bullfrog is moderately wounded.
You constrict the bullfrog. The bullfrog hits you.
* * * LOW HITPOINT WARNING * * *
Something hits you.
* * * LOW HITPOINT WARNING * * *
The bullfrog hits you!
You die...

######...####....<.#...#
#...# ###..........
#...# #.....#...###
#.########...#...##
#.).................#
######.#.#..........#
#.#.#............####
####.#)#.......###......
#.....)@F........#..#...
#.##...o###.#....#....#
#.........†...)...#
#.#..###..o.......#
#............###o.#.##
###..........# #..# #S
#.#..#.##..# #.... ##
#.#..#.............
#.#...............##


You could see a bullfrog and an orc.

Vanquished Creatures
  A centaur skeleton (D:7)
  The ghost of Calas the Shield-Bearer, a novice GrFi of Trog (D:4)
  Sigmund (D:5)
  A human (D:3)
  An orc warrior (D:7)
  2 sky beasts (D:6)
  An ice beast (D:6)
  4 ogres
  2 centaurs
  A bullfrog (D:6)
  Blork the orc (D:5)
  3 scorpions (D:5)
  A water moccasin skeleton (D:4)
  The ghost of barakagiga3 the Chopper, a weakling HOGl (D:3)
  An oklob sapling (D:6)
  2 howler monkeys (D:7)
  A crimson imp (D:4)
  A hound (D:4)
  An orc priest (D:4)
  A gnoll shaman (D:3)
  3 orc wizards
  3 iguanas
  Terence (D:3)
  5 worker ants
  A worker ant zombie (D:7)
  4 gnolls (D:3)
  8 adders
  An ooze (D:2)
  6 worms
  3 dart slugs
  3 leopard geckos
  10 orcs
  A ball python (D:3)
  2 giant cockroaches
  8 hobgoblins
  12 jackals
  4 quokkas
  5 bats
  3 frilled lizards
  8 goblins
  13 kobolds
  2 kobold skeletons (D:3)
  5 rats
  2 fungi (D:1)
  A plant (D:6)
142 creatures vanquished.

Vanquished Creatures (others)
  A crimson imp (D:5)
  A fungus (D:6)
2 creatures vanquished.

Grand Total: 144 creatures vanquished

Notes
Turn   | Place    | Note
-------+----------+-------------------------------------------
     0 | D:1      | vishdafish the Octopode Berserker began the quest for the Orb.
     0 | D:1      | Reached XP level 1. HP: 16/16 MP: 1/1
   205 | D:1      | Reached XP level 2. HP: 19/21 MP: 2/2
   865 | D:2      | Reached XP level 3. HP: 24/26 MP: 3/3
   910 | D:2      | Reached ** piety under Trog
  1137 | D:2      | Reached skill level 1 in Stealth
  1247 | D:2      | Reached XP level 4. HP: 29/31 MP: 4/4
  1873 | D:3      | Noticed barakagiga3's ghost (weakling HOGl)
  1908 | D:3      | Noticed a human
  1909 | D:3      | Found a runed door.
  1980 | D:3      | Found a basalt altar of Yredelemnul.
  1990 | D:3      | Killed a human
  1990 | D:3      | Reached XP level 5. HP: 38/38 MP: 5/5
  1990 | D:3      | Reached XP level 6. HP: 44/44 MP: 6/6
  2118 | D:3      | Killed barakagiga3's ghost
  2197 | D:3      | Noticed Terence
  2205 | D:3      | Killed Terence
  2327 | D:3      | Reached *** piety under Trog
  2918 | D:4      | Reached skill level 5 in Polearms
  2918 | D:4      | Reached skill level 5 in Dodging
  2918 | D:4      | Reached XP level 7. HP: 49/49 MP: 7/7
  2919 | D:4      | Reached skill level 5 in Fighting
  2922 | D:4      | Received a gift from Trog
  3057 | D:4      | Noticed Calas's ghost (novice GrFi)
  3091 | D:4      | Killed Calas's ghost
  3587 | D:4      | Reached XP level 8. HP: 56/57 MP: 8/8
  4247 | D:5      | Entered Level 5 of the Dungeon
  4247 | D:5      | Noticed Sigmund
  4468 | D:5      | Killed Sigmund
  4908 | D:5      | Noticed Blork the orc
  4919 | D:5      | Killed Blork the orc
  4920 | D:5      | Reached XP level 9. HP: 64/64 MP: 9/9
  4971 | D:5      | Reached **** piety under Trog
  5345 | D:6      | Found a staircase to the Ecumenical Temple.
  5634 | D:6      | Found a blossoming altar of Fedhas.
  6393 | D:7      | Slain by a bullfrog

Vault maps used:
D:1:      lightli_arrival_statue_moat, minmay_gold_behind_fungi
D:2:      st_stairs_7
D:3:      first_ration, dk_yredelemnul_ordeal, uniq_terence
D:4:      kennysheep_cross_room
D:5:      nrook_mini_backslash, uniq_sigmund, uniq_blork_the_orc
D:6:      minmay_temple_entry_oklob, fedhas_altar_3
D:7:      minmay_guarded_unrand_staff_of_olgreb

Skill      XL: |  1  2  3  4  5  6  7  8  9 |
---------------+----------------------------+-----
Stealth        | 1 |  1.0
Fighting       | 4 5 7 8 |  8.2
Polearms       | 4 5 7 8 |  8.2
Dodging        | 4 5 7 8 |  8.2

Action                   |  1- 3 |  4- 6 |  7- 9 || total
-------------------------+-------+-------+-------++-------
Melee: Spear             |   108 |    31 |       ||   139
       Tentacles         |    16 |    11 |    57 ||    84
       Constrict         |    18 |    15 |    40 ||    73
       Trident           |       |    76 |   266 ||   342
Invok: Berserk           |       |     5 |     7 ||    12
  Use: Scroll            |       |     6 |     3 ||     9
       Potion            |       |       |     2 ||     2
 Stab: Sleeping          |     4 |    11 |     4 ||    19
       Distracted        |       |     1 |     1 ||     2
  Eat: Chunk             |     1 |     5 |    14 ||    20
       Ration            |       |     1 |     1 ||     2
Armor: Skin              |     1 |     6 |     7 ||    14
Dodge: Dodged            |    30 |    35 |   151 ||   216

Table legend:
 A = Spawn XP
 B = Non-spawn XP
 C = Spawn XP percentage of total XP
 D = Spawn monster count
 E = Non-spawn monster count
 F = Spawn count percentage of total count
 G = Total turns spent on level
                    A         B        C        D         E        F      G
               +---------+---------+-------+---------+---------+-------+---------
         Total |       0 |    4098 |   0.0 |       0 |     140 |   0.0 |  6393
               +---------+---------+-------+---------+---------+-------+---------
           D:1 |       0 |      31 |   0.0 |       0 |      17 |   0.0 |   779
           D:2 |       0 |      66 |   0.0 |       0 |      23 |   0.0 |   966
           D:3 |       0 |     458 |   0.0 |       0 |      31 |   0.0 |  1140
           D:4 |       0 |     911 |   0.0 |       0 |      26 |   0.0 |  1387
           D:5 |       0 |     972 |   0.0 |       0 |      23 |   0.0 |  1037
           D:6 |       0 |     686 |   0.0 |       0 |       7 |   0.0 |   793
           D:7 |       0 |     974 |   0.0 |       0 |      13 |   0.0 |   291
               +---------+---------+-------+---------+---------+-------+---------
